AoeStats
← Gcoli4599

Arena

506762006Analyzed
1v1 RM · 18d ago on Sep 15, 2026· 41m 40s· 2 players
Game mode
Random Map
Map size
Tiny (2 player)
Population
200
Speed
Normal
Resources
Standard
Victory
Conquest
Starting age
Dark Age
Ending age
Imperial Age
RankedLock teamsTeams togetherTeam positionsShared explorationLock speedFull tech treeHidden civsTurbo modeCheats
Victory
Defeat
🇦🇷 Teutons · Argentina
552
+17
🇦🇷 Franks · Argentina
573
-17
JuAn-ThEViPeR-
0:32 Loom
13:55 Feudal Age
19:20 Wheelbarrow
20:30 Arson
23:45 Castle Age
21:42 Man-at-Arms
23:03 Bloodlines
23:45 Double-Bit Axe
23:52 Horse Collar
24:52 Pikeman
25:33 Squires
25:42 Long Swordsman
26:08 Gambesons
29:33 Scale Mail Armor
29:58 Ironclad
29:56 Elite Skirmisher
31:18 Forging
30:59 Fletching
31:09 Padded Archer Armor
31:47 Crossbowman
34:25 Bow Saw
34:18 Heavy Plow
37:32 Bodkin Arrow
37:37 Padded Archer Armor
42:05 Hand Cart
Gcoli4599
5:30 Loom
11:48 Feudal Age
13:10 Wheelbarrow
12:21 Town Watch
14:21 Double-Bit Axe
17:54 Gold Mining
17:57 Stone Mining
23:07 Castle Age
23:50 Town Patrol
24:04 Husbandry
24:24 Husbandry
24:38 Husbandry
27:31 Bow Saw
29:51 Crossbowman
29:52 Elite Skirmisher
35:33 Pikeman
36:14 Squires
36:54 Fortified Wall
36:40 Murder Holes
Connection lost

Rejoining the realm…

Still unreachable

The connection could not be restored.

Session expired

The server has moved on; the page needs a fresh start.